 Dungeon Crawl Stone Soup version 0.26-a0-450-ge645bd1 (webtiles) character file.

Game seed: 13048074966763068450

9395 Cunctator the Martial Artist (level 11, -15/83 HPs)
             Began as a Gnoll Transmuter on July 26, 2020.
             Was a Priest of Ashenzari.
             Demolished by a white very ugly thing (25 damage)
             ... on level 1 of the Abyss on July 27, 2020.
             The game lasted 01:56:34 (16760 turns).

Cunctator the Martial Artist (Gnoll Transmuter)    Turns: 16760, Time: 01:56:35

Health: -15/83     AC: 10    Str: 13    XL:     11   Next: 45%
Magic:  23/32      EV: 16    Int: 18    God:    Ashenzari [***...]
Gold:   219        SH:  5    Dex: 16    Spells: 3/26 levels left

rFire    . . .     SeeInvis +   o - +0 shortbow (curse)
rCold    . . .     Faith    .   (shield currently unavailable)
rNeg     . . .     Spirit   .   R - +0 acid dragon scales
rPois    .         Reflect  +   J - +0 helmet
rElec    .         Harm     .   (no cloak)
rCorr    +                      y - +0 pair of gloves
MR       .....                  (no boots)
Stlth    +++.......             a - amulet of reflection (curse)
HPRegen  0.23/turn              u - ring of magical power (curse)
MPRegen  0.23/turn              h - ring of wizardry (curse)

@: about to teleport
A: distributed training, fangs 1, strong nose
a: Curse Item, Scrying, Renounce Religion


You were on level 1 of the Abyss.
You worshipped Ashenzari.
Ashenzari was most pleased with you.
You visited 3 branches of the dungeon, and saw 12 of its levels.
You visited the Abyss 1 time.

You collected 639 gold pieces.
You spent 420 gold pieces at shops.


Innate Abilities, Weirdness & Mutations

Your experience applies equally to all skills.
You have very sharp teeth.
Your uncanny sense of smell can sniff out nearby items.


   Skills:
 + Level 6.9 Fighting
 + Level 6.3 Short Blades
 + Level 6.3 Long Blades
 + Level 6.3 Axes
 + Level 6.3 Maces & Flails
 + Level 6.3 Polearms
 + Level 6.3 Staves
 + Level 6.3 Slings
 + Level 6.3(10.1) Bows
 + Level 6.3 Crossbows
 + Level 6.3 Throwing
 + Level 6.3 Armour
 + Level 7.9 Dodging
 + Level 6.3 Stealth
 + Level 6.3 Shields
 + Level 9.2 Unarmed Combat
 + Level 8.1 Spellcasting
 + Level 5.2(8.1) Conjurations
 + Level 5.2(8.1) Hexes
 + Level 5.2(8.1) Summonings
 + Level 5.2(8.1) Necromancy
 + Level 5.2(8.1) Translocations
 + Level 6.5(9.5) Transmutations
 + Level 5.2(8.1) Fire Magic
 + Level 5.2(8.1) Ice Magic
 + Level 5.2(8.1) Air Magic
 + Level 5.2(8.1) Earth Magic
 + Level 5.2(8.1) Poison Magic
 + Level 6.9 Invocations
 + Level 6.3(9.3) Evocations


You had 3 spell levels left.
You knew the following spells:

 Your Spells              Type           Power        Failure   Level
c - Ice Form              Ice/Tmut       #####...     1%          4
i - Magic Dart            Conj           ####         1%          1
u - Slow                  Hex            #####...     1%          2
v - Bolt of Magma         Conj/Fire/Erth #####.....   5%          5
x - Spider Form           Tmut/Pois      #####.....   1%          3
y - Wereblood             Tmut           #####...     1%          2
z - Beastly Appendage     Tmut           #####.       1%          1
X - Iskenderun's Battles  Conj           #####...     5%          5

Your spell library contained the following spells:

 Spells                   Type           Power        Failure   Level
 Foxfire                  Conj/Fire      ####         1%          1
 Blink                    Tloc           N/A          1%          2
 Call Imp                 Summ           #####...     1%          2
 Conjure Flame            Conj/Fire      #####...     1%          3
 Inner Flame              Hex/Fire       #####...     1%          3
 Mephitic Cloud           Conj/Pois/Air  #####...     1%          3
 Sticky Flame             Conj/Fire      #####...     1%          4
 Blade Hands              Tmut           #####.....   3%          5
 Fireball                 Conj/Fire      #####.....   5%          5
 Iron Shot                Conj/Erth      #####.....   28%         6
 Orb of Destruction       Conj           #####.....   82%         7
 Spellforged Servitor     Conj/Summ      #####.....   82%         7

Inventory:

Hand Weapons
 o - a cursed +0 shortbow (weapon)
Missiles
 d - 97 bolts
 e - 317 stones
 i - 8 javelins
 r - 42 poisoned darts
 N - 93 arrows (quivered)
 U - 6 curare-tipped darts {=f}
Armour
 y - a +0 pair of gloves (worn)
 J - a +0 helmet (worn)
 M - a +0 troll leather armour
 R - +0 acid dragon scales (worn)
Magical Staves
 w - an uncursed staff of air
Jewellery
 a - a cursed amulet of reflection (around neck)
 h - a cursed ring of wizardry (right hand)
 m - a +6 ring of dexterity
 n - a +6 ring of intelligence
 u - a cursed ring of magical power (left hand)
 L - an uncursed ring of stealth
 T - an uncursed ring of positive energy
Wands
 D - a wand of iceblast (11)
 F - a wand of flame (37)
 S - a wand of digging (3)
 V - a wand of enslavement (7)
 Y - a wand of acid (9)
Scrolls
 c - 4 scrolls of enchant weapon {unknown}
 f - 3 scrolls of immolation {unknown}
 g - a scroll of fog {unknown}
 k - 5 scrolls of enchant armour {unknown}
 l - 5 scrolls of teleportation {@r4}
 p - a scroll of remove curse
 q - a scroll of blinking {unknown}
 v - 4 scrolls of amnesia {unknown}
 C - 6 scrolls of identify {unknown}
 E - a scroll of torment {unknown}
 H - a scroll of random uselessness {unknown}
 P - a scroll of noise {unknown}
 X - a scroll of vulnerability {unknown}
Potions
 b - 2 potions of curing {@q1}
 j - 2 potions of resistance {unknown}
 s - 2 potions of brilliance {unknown}
 t - 2 potions of mutation {unknown}
 x - a potion of heal wounds {@q2}
 z - 3 potions of stabbing {unknown}
 A - 2 potions of flight {unknown}
 B - 3 potions of degeneration {unknown}
 G - 2 potions of might
 K - 2 potions of berserk rage {unknown}
 O - a potion of lignification {unknown}
 W - a potion of haste {unknown}
 Z - a potion of cancellation {unknown}

Dungeon Overview and Level Annotations

Branches:
Dungeon (10/15)            Temple (1/1) D:7            Lair (1/6) D:10
    Orc: D:9-12

Altars:
Ashenzari
Cheibriados
Dithmenos
Elyvilon
Fedhas
Gozag
Hepliaklqana
Kikubaaqudgha
Makhleb
Nemelex Xobeh
Okawaru
Qazlal
Ru
Sif Muna
Trog
Uskayaw
Vehumet
Wu Jian
Xom
Yredelemnul
Zin
The Shining One

Shops:
D:8 (   D:10 =

Annotations:
D:6 exclusion: door
Lair:1 Urug

.▒ ▒.░░...▒. ▒▒▒▒▒..
. . X ,
..▒..▒▒...x...▒..▒
.. . ░ ░ ▒. ▒....§
.....▒▒ ▒.░▒.. ░ ▒
▒▒▒.▒▒▒▒. . .. ,▒▒▒
▒ ░ _
...▒▒..▒..▒▒.▒,.▒..▒
. .▒. ,
▒......▒▒▒▒..▒. ..u
.. , ░ ░
▒.▒▒.▒*..▒.▒.▒,.▒▒▒
. . ..▒▒u▒▒▒
.,..▒.▒.. .▒ ░ ..G▒
▒▒g▒......▒▒▒▒.▒u.▒
░ ..▒..░ ▒▒▒ ▒.▒...
. ▒▒. ░ .... ░░
▒,... ....▒▒,▒ . ▒.░
▒▒▒▒▒..▒▒ ▒. , ▒. ░
░ ░.. ..u . ▒ , ░
,░▒. ... .. . ░ ░ ,
, ,░ . ▒..▒ . ░ ░ ,
░ , ▒ ▒ .▒ ░ , ., .


You could see a white very ugly thing (slow) and a friendly battlesphere.


Message History

Ashenzari will now reveal the unseen.
The white very ugly thing gurgles horribly!
Something shouts, "Slither away, thou tottering pigeon-egg flirt-gill!"
A chaos spawn comes into view.
A thrashing horror comes into view.
A large abomination comes into view.
As you read the scroll of teleportation {@r4}, it crumbles to dust.
You feel strangely unstable.
You feel the power of the Abyss delaying your translocation!
A great orb of eyes comes into view.
Cast which spell? (? or * to list)
You conjure a globe of magical energy.
Cast which spell? (? or * to list)
Aiming: Slow (safe; 1% risk of failure)
Press: ? - help, Shift-Dir - straight line, f - white very ugly thing
Aim: a white very ugly thing (chance to defeat MR: 58%)
The white very ugly thing resists with significant effort.
The white very ugly thing trunk-slaps you!
The white very ugly thing freezes you!!!
Ouch! That really hurt!
* * * LOW HITPOINT WARNING * * *
Cast which spell? (? or * to list)
Aiming: Slow (safe; 1% risk of failure)
Press: ? - help, Shift-Dir - straight line, f/p - white very ugly thing
Aim: a white very ugly thing (chance to defeat MR: 58%)
The white very ugly thing seems to slow down.
The white very ugly thing trunk-slaps you!
* * * LOW HITPOINT WARNING * * *
The white very ugly thing freezes you!!
You die...

Action                   |  1- 3 |  4- 6 |  7- 9 | 10-12 || total
-------------------------+-------+-------+-------+-------++-------
Melee: Dagger            |    70 |   170 |    37 |       ||   277
       Unarmed           |    40 |    50 |   259 |   261 ||   610
       Bite              |     7 |    20 |     8 |       ||    35
       Kick              |    10 |     5 |    16 |       ||    31
       Headbutt          |     5 |     4 |    17 |       ||    26
       Punch             |     2 |     3 |     3 |       ||     8
       Hunting sling     |       |       |     3 |       ||     3
       Shortbow          |       |       |       |     1 ||     1
 Fire: Hunting sling     |       |       |    51 |    22 ||    73
       Shortbow          |       |       |       |   102 ||   102
Throw: Stone             |     9 |    45 |    18 |       ||    72
 Cast: Beastly Appendage |     8 |     5 |    10 |     1 ||    24
       Wereblood         |     1 |     4 |     3 |     6 ||    14
       Spider Form       |       |    10 |    18 |     4 ||    32
       Ice Form          |       |       |    11 |    29 ||    40
       Slow              |       |       |     1 |    19 ||    20
       Magic Dart        |       |       |       |    16 ||    16
       Iskenderun's Batt |       |       |       |     8 ||     8
       Bolt of Magma     |       |       |       |     7 ||     7
Invok: Curse Item        |       |       |       |     4 ||     4
 Abil: End Transformatio |       |       |     3 |     6 ||     9
Evoke: Wand              |       |       |       |     9 ||     9
  Use: Potion            |     1 |     4 |     1 |     3 ||     9
       Scroll            |       |       |       |     3 ||     3
 Stab: Sleeping          |     1 |     1 |     3 |       ||     5
Armor: Robe              |    14 |     7 |       |       ||    21
       Leather armour    |       |    30 |    25 |       ||    55
       Skin              |       |     2 |    19 |    41 ||    62
       Troll leather arm |       |       |     1 |     1 ||     2
       Acid dragon scale |       |       |       |    14 ||    14
Dodge: Dodged            |   102 |   172 |   203 |   239 ||   716
Block: Other             |       |       |       |    22 ||    22
       Reflection        |       |       |       |     2 ||     2

Levels and vault maps discovered:
D:1:      psy_arrival_fountain, layout_basic
D:2:      cheibrodos_old_hovel, layout_loops_corners,
          nicolae_overflow_crystal_walls, minitemple, lightli_corner_chamber
D:3:      layout_rooms, serial_forest, infiniplex_forest_clump_small,
          infiniplex_forest_lined_3, infiniplex_forest_clump_cross,
          infiniplex_forest_lined_1, infiniplex_forest_clump_cross,
          infiniplex_forest_lined_3, infiniplex_forest_corner_1, nrook_uturn,
          uniq_jessica, uniq_natasha
D:4:      layout_loops_corners, elyvilon_altar_3
D:5:      layout_rooms
D:6:      layout_basic, cheibrodos_sewer_entry_drain
D:7:      layout_basic, minmay_temple_entry_junction, uniq_maggie, uniq_joseph
D:8:      layout_rooms, chequers_temple_overflow_minitemple, serial_shops, shop,
          fedhas_altar_decomposition
D:9:      layout_basic, basic_altar, minivault_26, uniq_grum, uniq_psyche,
          uniq_maurice
D:10:     layout_stronghold, erik_lair_orcish_takeover, basic_altar,
          serial_shops, shop, uniq_fannar
Temple:   nicolae_temple_elliptical
Lair:1:   layout_hall_layers, infiniplex_staircase_pool, lemuel_fruit_tree,
          uniq_urug
Abyss:1:  base: D:11, hangedman_abyss_feature_spike

Notes
Turn   | Place    | Note
-------+----------+-------------------------------------------
     0 | D:1      | Cunctator the Gnoll Transmuter began the quest for the Orb.
     0 | D:1      | Reached XP level 1. HP: 17/17 MP: 6/6
   117 | D:1      | Reached XP level 2. HP: 14/23 MP: 5/7
   476 | D:1      | Learned a level 2 spell: Wereblood
   564 | D:1      | Reached XP level 3. HP: 27/28 MP: 7/9
   569 | D:1      | Learned a level 3 spell: Spider Form
   596 | D:1      | Reached skill level 5 in Spellcasting
  1085 | D:2      | Reached skill level 1 in Invocations
  1089 | D:2      | Reached skill level 1 in Short Blades
  1089 | D:2      | Reached skill level 1 in Long Blades
  1089 | D:2      | Reached skill level 1 in Axes
  1089 | D:2      | Reached skill level 1 in Maces & Flails
  1089 | D:2      | Reached skill level 1 in Polearms
  1089 | D:2      | Reached skill level 1 in Staves
  1089 | D:2      | Reached skill level 1 in Slings
  1089 | D:2      | Reached skill level 1 in Bows
  1089 | D:2      | Reached skill level 1 in Crossbows
  1089 | D:2      | Reached skill level 1 in Throwing
  1089 | D:2      | Reached skill level 1 in Armour
  1089 | D:2      | Reached skill level 1 in Stealth
  1089 | D:2      | Reached skill level 1 in Shields
  1089 | D:2      | Reached skill level 1 in Evocations
  1218 | D:2      | Found an ornate altar of the Wu Jian Council.
  1273 | D:2      | Reached XP level 4. HP: 28/34 MP: 8/11
  1929 | D:2      | Found an opulent altar of Gozag.
  2095 | D:2      | Found a sacrificial altar of Ru.
  2191 | D:2      | Reached skill level 1 in Conjurations
  2191 | D:2      | Reached skill level 1 in Hexes
  2191 | D:2      | Reached skill level 1 in Summonings
  2191 | D:2      | Reached skill level 1 in Necromancy
  2191 | D:2      | Reached skill level 1 in Translocations
  2191 | D:2      | Reached skill level 1 in Fire Magic
  2191 | D:2      | Reached skill level 1 in Ice Magic
  2191 | D:2      | Reached skill level 1 in Air Magic
  2191 | D:2      | Reached skill level 1 in Earth Magic
  2191 | D:2      | Reached skill level 1 in Poison Magic
  2483 | D:3      | Noticed Jessica
  2773 | D:3      | Noticed Natasha
  2807 | D:3      | HP: 3/34 [Natasha (7)]
  2810 | D:3      | Killed Natasha
  2810 | D:3      | Reached XP level 5. HP: 3/40 MP: 12/12
  3101 | D:3      | Noticed Natasha
  3113 | D:3      | Killed Natasha
  3113 | D:3      | Reached skill level 3 in Fighting
  3113 | D:3      | Reached skill level 4 in Transmutations
  3496 | D:3      | Noticed Natasha
  3505 | D:3      | Killed Natasha
  3505 | D:3      | Reached skill level 2 in Invocations
  3505 | D:3      | Reached XP level 6. HP: 36/47 MP: 9/13
  4299 | D:3      | Killed Jessica
  4299 | D:3      | Reached skill level 5 in Dodging
  4350 | D:4      | Reached skill level 2 in Short Blades
  4350 | D:4      | Reached skill level 2 in Long Blades
  4350 | D:4      | Reached skill level 2 in Axes
  4350 | D:4      | Reached skill level 2 in Maces & Flails
  4350 | D:4      | Reached skill level 2 in Polearms
  4350 | D:4      | Reached skill level 2 in Staves
  4350 | D:4      | Reached skill level 2 in Slings
  4350 | D:4      | Reached skill level 2 in Bows
  4350 | D:4      | Reached skill level 2 in Crossbows
  4350 | D:4      | Reached skill level 2 in Throwing
  4350 | D:4      | Reached skill level 2 in Armour
  4350 | D:4      | Reached skill level 2 in Stealth
  4350 | D:4      | Reached skill level 2 in Shields
  4350 | D:4      | Reached skill level 2 in Evocations
  4502 | D:3      | HP: 3/47 [worker ant (7)]
  4862 | D:2      | Upgraded the game from 0.26-a0-440-gcc164c8 to
                  | 0.26-a0-450-ge645bd1
  5506 | D:4      | Reached XP level 7. HP: 52/52 MP: 11/15
  5682 | D:4      | Reached skill level 7 in Unarmed Combat
  5682 | D:4      | Reached skill level 2 in Conjurations
  5682 | D:4      | Reached skill level 2 in Hexes
  5682 | D:4      | Reached skill level 2 in Summonings
  5682 | D:4      | Reached skill level 2 in Necromancy
  5682 | D:4      | Reached skill level 2 in Translocations
  5682 | D:4      | Reached skill level 2 in Fire Magic
  5682 | D:4      | Reached skill level 2 in Ice Magic
  5682 | D:4      | Reached skill level 2 in Air Magic
  5682 | D:4      | Reached skill level 2 in Earth Magic
  5682 | D:4      | Reached skill level 2 in Poison Magic
  5903 | D:4      | Found a white marble altar of Elyvilon.
  6356 | D:5      | Entered Level 5 of the Dungeon
  6585 | D:4      | Reached skill level 3 in Invocations
  6991 | D:5      | Reached XP level 8. HP: 51/60 MP: 16/16
  6999 | D:5      | Reached skill level 4 in Fighting
  7003 | D:5      | Reached skill level 3 in Short Blades
  7003 | D:5      | Reached skill level 3 in Long Blades
  7003 | D:5      | Reached skill level 3 in Axes
  7003 | D:5      | Reached skill level 3 in Maces & Flails
  7003 | D:5      | Reached skill level 3 in Polearms
  7003 | D:5      | Reached skill level 3 in Staves
  7003 | D:5      | Reached skill level 3 in Slings
  7003 | D:5      | Reached skill level 3 in Bows
  7003 | D:5      | Reached skill level 3 in Crossbows
  7003 | D:5      | Reached skill level 3 in Throwing
  7003 | D:5      | Reached skill level 3 in Armour
  7003 | D:5      | Reached skill level 3 in Stealth
  7003 | D:5      | Reached skill level 3 in Shields
  7003 | D:5      | Reached skill level 3 in Evocations
  7788 | D:6      | Reached skill level 6 in Spellcasting
  7927 | D:6      | Noticed a troll
  8164 | D:5      | Learned a level 4 spell: Ice Form
  8185 | D:6      | Reached skill level 4 in Invocations
  8199 | D:6      | Reached skill level 3 in Conjurations
  8199 | D:6      | Reached skill level 3 in Hexes
  8199 | D:6      | Reached skill level 3 in Summonings
  8199 | D:6      | Reached skill level 3 in Necromancy
  8199 | D:6      | Reached skill level 3 in Translocations
  8199 | D:6      | Reached skill level 3 in Fire Magic
  8199 | D:6      | Reached skill level 3 in Ice Magic
  8199 | D:6      | Reached skill level 3 in Air Magic
  8199 | D:6      | Reached skill level 3 in Earth Magic
  8199 | D:6      | Reached skill level 3 in Poison Magic
  8331 | D:6      | Reached skill level 6 in Dodging
  8380 | D:6      | Reached skill level 5 in Transmutations
  8380 | D:6      | Reached XP level 9. HP: 52/66 MP: 15/18
  8811 | D:6      | Killed a troll
  8811 | D:6      | Reached skill level 4 in Short Blades
  8811 | D:6      | Reached skill level 4 in Long Blades
  8811 | D:6      | Reached skill level 4 in Axes
  8811 | D:6      | Reached skill level 4 in Maces & Flails
  8811 | D:6      | Reached skill level 4 in Polearms
  8811 | D:6      | Reached skill level 4 in Staves
  8811 | D:6      | Reached skill level 4 in Slings
  8811 | D:6      | Reached skill level 4 in Bows
  8811 | D:6      | Reached skill level 4 in Crossbows
  8811 | D:6      | Reached skill level 4 in Throwing
  8811 | D:6      | Reached skill level 4 in Armour
  8811 | D:6      | Reached skill level 4 in Stealth
  8811 | D:6      | Reached skill level 4 in Shields
  8811 | D:6      | Reached skill level 4 in Evocations
  9080 | D:6      | Reached skill level 5 in Fighting
  9478 | D:6      | Reached skill level 8 in Unarmed Combat
  9869 | D:7      | Reached skill level 5 in Invocations
 10040 | D:7      | Learned a level 2 spell: Slow
 10093 | D:7      | Noticed Joseph
 10103 | D:7      | Killed Joseph
 10103 | D:7      | Reached skill level 7 in Spellcasting
 10103 | D:7      | Reached XP level 10. HP: 74/74 MP: 14/20
 10174 | D:7      | Reached skill level 4 in Conjurations
 10174 | D:7      | Reached skill level 4 in Hexes
 10174 | D:7      | Reached skill level 4 in Summonings
 10174 | D:7      | Reached skill level 4 in Necromancy
 10174 | D:7      | Reached skill level 4 in Translocations
 10174 | D:7      | Reached skill level 4 in Fire Magic
 10174 | D:7      | Reached skill level 4 in Ice Magic
 10174 | D:7      | Reached skill level 4 in Air Magic
 10174 | D:7      | Reached skill level 4 in Earth Magic
 10174 | D:7      | Reached skill level 4 in Poison Magic
 10381 | D:7      | Reached skill level 5 in Short Blades
 10381 | D:7      | Reached skill level 5 in Long Blades
 10381 | D:7      | Reached skill level 5 in Axes
 10381 | D:7      | Reached skill level 5 in Maces & Flails
 10381 | D:7      | Reached skill level 5 in Polearms
 10381 | D:7      | Reached skill level 5 in Staves
 10381 | D:7      | Reached skill level 5 in Slings
 10381 | D:7      | Reached skill level 5 in Bows
 10381 | D:7      | Reached skill level 5 in Crossbows
 10381 | D:7      | Reached skill level 5 in Throwing
 10381 | D:7      | Reached skill level 5 in Armour
 10381 | D:7      | Reached skill level 5 in Stealth
 10381 | D:7      | Reached skill level 5 in Shields
 10381 | D:7      | Reached skill level 5 in Evocations
 10576 | D:7      | Found a staircase to the Ecumenical Temple.
 10666 | D:7      | Reached skill level 7 in Dodging
 10983 | D:7      | Identified +0 acid dragon scales
 10983 | D:7      | Noticed Maggie
 10998 | D:7      | Killed Maggie
 11150 | Temple   | Entered the Ecumenical Temple
 11173 | Temple   | Became a worshipper of Ashenzari the Shackled
 11675 | D:7      | Reached skill level 6 in Fighting
 12221 | D:8      | Found a blossoming altar of Fedhas.
 12251 | D:8      | Found a hide-covered altar of Uskayaw.
 12251 | D:8      | Found a shadowy altar of Dithmenos.
 12260 | D:8      | Found a faded altar of an unknown god.
 12263 | D:8      | Found a sparkling altar of Nemelex Xobeh.
 12268 | D:8      | Found a faded altar of an unknown god.
 12398 | D:8      | Reached skill level 6 in Transmutations
 12398 | D:8      | Reached skill level 6 in Invocations
 12602 | D:8      | Found Sucink's Weapon Emporium.
 12859 | D:9      | Noticed Grum
 12871 | D:9      | Killed Grum
 13233 | D:9      | Noticed Maurice
 13483 | D:9      | Noticed Psyche
 13490 | D:9      | Killed Psyche
 13595 | D:9      | Reached XP level 11. HP: 79/83 MP: 22/22
 13603 | D:9      | Learned a level 5 spell: Iskenderun's Battlesphere
 13717 | D:9      | Killed Maurice
 13732 | D:9      | Reached skill level 9 in Unarmed Combat
 13866 | D:9      | Reached skill level 6 in Short Blades
 13866 | D:9      | Reached skill level 6 in Long Blades
 13866 | D:9      | Reached skill level 6 in Axes
 13866 | D:9      | Reached skill level 6 in Maces & Flails
 13866 | D:9      | Reached skill level 6 in Polearms
 13866 | D:9      | Reached skill level 6 in Staves
 13866 | D:9      | Reached skill level 6 in Slings
 13866 | D:9      | Reached skill level 6 in Bows
 13866 | D:9      | Reached skill level 6 in Crossbows
 13866 | D:9      | Reached skill level 6 in Throwing
 13866 | D:9      | Reached skill level 6 in Armour
 13866 | D:9      | Reached skill level 6 in Stealth
 13866 | D:9      | Reached skill level 6 in Shields
 13866 | D:9      | Reached skill level 6 in Evocations
 13952 | D:9      | Found a basalt altar of Yredelemnul.
 14140 | D:10     | Entered Level 10 of the Dungeon
 14185 | D:10     | Reached skill level 5 in Conjurations
 14185 | D:10     | Reached skill level 5 in Hexes
 14185 | D:10     | Reached skill level 5 in Summonings
 14185 | D:10     | Reached skill level 5 in Necromancy
 14185 | D:10     | Reached skill level 5 in Translocations
 14185 | D:10     | Reached skill level 5 in Fire Magic
 14185 | D:10     | Reached skill level 5 in Ice Magic
 14185 | D:10     | Reached skill level 5 in Air Magic
 14185 | D:10     | Reached skill level 5 in Earth Magic
 14185 | D:10     | Reached skill level 5 in Poison Magic
 14415 | D:10     | Found a staircase to the Lair.
 14454 | D:10     | Found Wysat's Jewellery Emporium.
 14461 | D:10     | Bought an uncursed amulet of reflection for 420 gold pieces
 14653 | D:10     | Reached skill level 8 in Spellcasting
 14672 | D:10     | Reached * piety under Ashenzari
 15046 | D:10     | Noticed Fannar
 15277 | D:9      | Learned a level 1 spell: Magic Dart
 15351 | D:10     | Found a hide-covered altar of Uskayaw.
 15403 | D:10     | Killed Fannar
 15777 | Lair:1   | Entered Level 1 of the Lair of Beasts
 16065 | Lair:1   | Reached ** piety under Ashenzari
 16074 | Lair:1   | Learned a level 5 spell: Bolt of Magma
 16513 | Lair:1   | Noticed Urug
 16526 | Lair:1   | Cast into level 1 of the Abyss (Urug)
 16613 | Abyss:1  | Noticed a tentacled starspawn
 16641 | Abyss:1  | Noticed a large abomination
 16688 | Abyss:1  | Noticed a worldbinder
 16692 | Abyss:1  | Noticed a white very ugly thing
 16692 | Abyss:1  | Noticed a white ugly thing
 16694 | Abyss:1  | Noticed a wretched star
 16723 | Abyss:1  | Noticed a tentacled starspawn
 16732 | Abyss:1  | Noticed a white very ugly thing
 16735 | Abyss:1  | Reached *** piety under Ashenzari
 16737 | Abyss:1  | Noticed a thrashing horror
 16754 | Abyss:1  | Noticed a great orb of eyes
 16760 | Abyss:1  | Demolished by a white very ugly thing

Vanquished Creatures
  Fannar (D:10)
  Maurice (D:9)
  Psyche (D:9)
  Joseph (D:7)
  Maggie (D:7)
  A troll (D:6)
  2 hippogriffs
  A wyvern (D:9)
  Grum (D:9)
  2 wargs (D:10)
  2 water moccasins
  7 orc warriors
  A porcupine (Lair:1)
  3 ice beasts
  4 sky beasts
  2 phantoms
  3 wolves (D:9)
  5 ogres
  A centaur (D:7)
  2 big kobolds
  5 bullfrogs
  A gnoll sergeant (D:5)
  3 scorpions
  5 killer bees (D:10)
  22 wights
  An electric eel (Lair:1)
  2 howler monkeys
  A bullfrog zombie (D:5)
  A quasit (D:4)
  5 orc priests
  3 jellies
  23 orc wizards
  A bullfrog skeleton (D:7)
  A hound (D:9)
  2 centaur skeletons
  Jessica (D:3)
  Natasha (thrice) (D:3)
  3 iguanas
  12 worker ants
  11 adders
  10 gnolls
  2 shadow imps
  5 white imps
  4 ufetubi
  An adder zombie (D:7)
  3 worms
  6 dart slugs
  4 leopard geckos
  53 orcs
  2 ball pythons
  8 bats
  5 giant cockroaches
  9 goblins
  8 hobgoblins
  17 jackals
  17 kobolds
  3 quokkas
  4 frilled lizards
  A leopard gecko skeleton (D:5)
  7 rats
317 creatures vanquished.
